Map: Ulrena

Players

XiaoWangZi - Winner!

  • Race: Terran Terran
  • League: Master

PdeuOlo

  • Race: Terran Terran
  • League: Platinum

VOD

Have the link to the VOD?

Description

Time

  • Played on: Feb. 13, 2016, 6:32 p.m.
  • Length: 7:59
Show
View Real Time Build Order
Export as new Build Order

XiaoWangZi Terran - Winner!

Build Orders: Liberator Opening 

Get SALT Encoding   

  12  0:01  SCV  
  13  0:13  SCV  
  14  0:17  Supply Depot  
  14  0:25  SCV  
  15  0:39  SCV  
  15  0:40  Refinery  
  16  0:46  Barracks  
  16  0:53  SCV  
  17  1:05  SCV  
  18  1:15  Refinery  
  18  1:18  SCV  
  19  1:33  Orbital Command  
  19  1:34  Reaper  
  19  1:35  Supply Depot  
  20  1:51  Factory  
  20  1:59  SCV  
  21  2:06  Reaper  
  22  2:11  SCV  
  23  2:23  SCV  
  24  2:35  Hellion, SCV  
  24  2:36  Starport  
  26  2:45  Reaper  
  26  2:47  SCV  
  26  2:50  Supply Depot  
  28  2:56  Hellion  
  30  3:05  SCV  
  31  3:13  Medivac  
  31  3:16  Supply Depot  
  33  3:25  Hellion  
  35  3:28  Barracks Reactor  
  35  3:40  SCV  
  34  3:43  Liberator  
  33  3:52  SCV  
  33  4:01  Factory Tech Lab  
  36  4:04  SCV  
  36  4:05  Command Center  
  36  4:06  Marine x2  
  39  4:11  Barracks  
  39  4:16  SCV  
  36  4:21  Siege Tank  
  36  4:24  Marine x2  
  39  4:28  SCV  
  41  4:42  SCV  
  41  4:45  Viking  
  44  4:46  Marine x2  
  46  4:54  Barracks  
  46  4:58  SCV  
  47  5:00  Barracks Tech Lab  
  47  5:16  Marine x2, Siege Tank, SCV  
  47  5:19  Supply Depot  
  53  5:28  SCV  
  53  5:29  Stimpack  
  53  5:32  Marine  
  55  5:39  Marine  
  55  5:40  SCV  
  55  5:41  Starport Reactor  
  55  5:54  Barracks Reactor  
  55  5:57  Marine x2  
  56  6:12  Marine  
  56  6:15  Marine x2  
  56  6:17  Orbital Command  
  56  6:18  SCV  
  60  6:30  SCV  
  60  6:32  Siege Tank, Medivac x2  
  66  6:35  Marine x2  
  66  6:36  Marine x3  
  71  6:42  SCV  
  72  6:48  SCV  
  72  6:52  Refinery  
  72  6:53  Refinery  
  73  6:54  SCV  
  73  6:55  Supply Depot  
  73  6:58  Marine  
  73  6:59  Marine  
  73  7:00  SCV  
  77  7:04  Siege Tank  
  77  7:06  SCV  
  77  7:08  Marine x2  
  83  7:11  Marine  
  83  7:12  SCV  
  85  7:16  Marine  
  85  7:18  SCV  
  87  7:24  Marine  
  87  7:25  Marine x2  
  87  7:26  Medivac  
  87  7:29  Supply Depot  
  92  7:38  Marine x2  
Show
View Real Time Build Order
Export as new Build Order

PdeuOlo Terran 

Build Orders: 1/1/1, Cyclone Opening 

Get SALT Encoding   

  12  0:01  SCV  
  13  0:13  SCV  
  14  0:25  Supply Depot, SCV  
  15  0:36  Refinery  
  15  0:47  SCV  
  15  0:49  Barracks  
  16  0:59  SCV  
  18  1:11  SCV  
  18  1:23  SCV  
  19  1:29  Refinery  
  19  1:36  Marine, Orbital Command  
  19  1:38  Factory  
  20  1:55  Supply Depot  
  20  2:00  Marine  
  21  2:02  SCV  
  22  2:15  SCV  
  23  2:18  Marine  
  24  2:25  Starport  
  24  2:26  Factory Tech Lab  
  24  2:27  SCV  
  25  2:37  Supply Depot  
  25  2:39  SCV  
  26  2:51  Barracks Reactor  
  26  2:59  Cyclone, SCV  
  29  3:09  Medivac  
  31  3:18  Supply Depot  
  31  3:32  Command Center  
  31  3:33  Marine  
  31  3:38  Marine  
  31  3:39  SCV  
  29  3:51  Marine  
  29  3:56  Marine  
  30  4:04  SCV  
  30  4:09  Marine  
  32  4:14  Marine  
  33  4:23  Viking  
  35  4:27  Marine  
  36  4:32  Marine, Supply Depot  
  37  4:42  SCV  
  37  4:45  Marine  
  39  4:54  Supply Depot  
  39  5:00  Raven  
  33  5:16  SCV  
  35  5:21  Orbital Command  
  35  5:25  Command Center  
  34  5:28  Marine x2  
  36  5:41  Factory Tech Lab  
  36  5:46  Marine x2  
  36  6:04  Marine x2  
  35  6:17  Orbital Command  
  37  6:32  Siege Tank  
  35  6:38  Orbital Command  
  33  6:42  Barracks  
  33  6:45  Starport Reactor  
  33  6:46  SCV x2  
  35  6:58  SCV x2  
  35  7:00  Barracks  
  36  7:16  Engineering Bay  
  36  7:23  Marine  
  36  7:28  SCV  
  36  7:29  SCV x2  
  43  7:36  Starport Reactor  
  43  7:40  SCV  
  43  7:41  Marine, SCV x2  
Tags
 
Add a new tag
Caveats
  • Supply blocks, unpowered buildings, or Contaminate may cause inaccurate times.
  • Supply counts are checked every 10 seconds.